Unix NetHack Version 5.0.0-0 post-release - last build May  4 2026 22:22:43 (774f63e81ad911689b3a0859ea89b322d5daca8d,branch:main).

Game began 2026-05-05 09:48:19, ended 2026-05-05 10:09:39.

1212459919, neutral female gnomish Healer

                                                                       ###
                                                                      #####-
                                          -----                       `*#|..
                                         ..|..|                         ##..
                                         .....|                     ----#....|
    --.                                  .....-                     |.../.####
  ......--.-----------------.----        ..... ----                 |.-----* #
  -.............*................      .............                |.|
  ---...-----------------...|...........<..--.......-.-...........---.|
    |.i.                      --.....................%...%............|
    -@..                       ...................-------....--...-----
    ...-                                    ....^.-
    ...|                                    .......-
   -...|                                     ...|...
   |...|                                       .
   --.--

1212459919 the Empiric       St:8 Dx:11 Co:14 In:10 Wi:17 Ch:16  Neutral
Dlvl:3  $:1476 HP:0(26) Pw:29(29) AC:8  Xp:3 T:2150  Fainting

Latest messages:
 You miss the large kobold.
 The large kobold hits!
 You kill the large kobold!
 You see here a hobbit corpse.
 You hear rumbling in the distance.
 The gnome's candle is getting short.
 You faint from lack of food.
 You regain consciousness.
 You can hear again.
 You hit the lichen.
 You faint from lack of food.
 The lichen touches you!
 You regain consciousness.
 You hit the lichen.
 You kill the lichen!
 You faint from lack of food.
 You regain consciousness.
 You see here a yellow gem.
 You faint from lack of food.
 You regain consciousness.
 You faint from lack of food.
 You regain consciousness.
 You can hear again.
 You faint from lack of food.
 You regain consciousness.
 You can hear again.
 You faint from lack of food.
 The manes hits!
 The manes hits again!
 The manes bites!
 You regain consciousness.
 You can hear again.
 You faint from lack of food.
 The manes hits!
 The manes hits again!
 The manes bites!
 The manes hits!
 The manes hits again!
 The manes bites!
 The manes hits!
 The manes hits again!
 The manes bites!
 You regain consciousness.
 The manes hits!
 You die...
 Do you want your possessions identified? [ynq] (y) y
 Do you want to see your attributes? [ynq] (y) y
 Do you want an account of creatures vanquished? [ynaq] (y) y
 Do you want to see your conduct and achievements? [ynq] (y) y
 Do you want to see the dungeon overview? [ynq] (y) y

Inventory:
 Coins    ('$')
  $ - 1476 gold pieces
 Weapons  (')')
  a - a +0 scalpel (weapon in right hand)
 Armor    ('[')
  b - an uncursed +1 pair of leather gloves (being worn)
 Spellbooks  ('+')
  j - a blessed spellbook of extra healing
  i - a blessed spellbook of healing
  k - a blessed spellbook of stone to flesh
 Potions  ('!')
  g - a blessed potion of extra healing
  f - 3 uncursed potions of extra healing
  d - a blessed potion of healing
  e - 3 uncursed potions of healing
 Wands    ('/')
  h - a wand of sleep (0:8)
 Tools    ('(')
  c - an uncursed stethoscope

1212459919 the Healer's attributes:

Background:
 You were an Empiric, a level 3 female gnomish Healer.
 You were neutral, nominally on a mission for Hermes
 who was opposed by Athena (lawful) and Poseidon (chaotic).
 You were right-handed.
 You were in the Gnomish Mines, on level 3.
 You entered the dungeon 2150 turns ago.
 You had 73 experience points, 7 more were needed to attain level 4.

Basics:
 You had 0 out of 26 hit points.
 You had all 29 energy points (spell power).
 Your armor class was 8.
 Your wallet contained 1476 zorkmids.
 Autopickup was off.

Final Characteristics:
 Your strength was 8 (base:9, limit:18/50).
 Your dexterity was 11 (limit:18).
 Your constitution was 14 (limit:18).
 Your intelligence was 10 (limit:19).
 Your wisdom was 17 (limit:18).
 Your charisma was 16 (limit:18).

Final Status:
 You were fainting due to starvation.
 You were unencumbered.
 You were wielding a knife.
 You had basic skill with knife.

Final Attributes:
 You were devoutly aligned.
 You were poison resistant.
 You had infravision.
 You are dead.

Miscellaneous:
 You didn't encounter any bones levels.
 Total elapsed playing time was 21 minutes and 19 seconds.

Major events:
 Turn
    1: 1212459919 the neutral female gnomish Healer entered the dungeon
 1432: attained the rank of Empiric (level 3)
 1863: entered the Gnomish Mines
 2150: killed by a manes

Spells:
 Name                 Level Category     Fail Retention
 healing                1   healing        0%   81%-90%
 extra healing          3   healing        0%   81%-90%
 stone to flesh         3   healing        0%   81%-90%

Skills:
 Fighting Skills
   bare handed combat [Unskilled]
 Weapon Skills
   dagger             [Unskilled]
   knife              [Basic]
   short sword        [Unskilled]
   saber              [Unskilled]
   club               [Unskilled]
   mace               [Unskilled]
   quarterstaff       [Unskilled]
   polearms           [Unskilled]
   spear              [Unskilled]
   trident            [Unskilled]
   sling              [Unskilled]
   dart               [Unskilled]
   shuriken           [Unskilled]
   unicorn horn       [Unskilled]
 Spellcasting Skills
   healing spells     [Basic]

Voluntary challenges:
 Character rerolling was not enabled.
 You followed a strict vegan diet.
 You were an atheist.
 You were illiterate.
 You never genocided any monsters.
 You never polymorphed an object.
 You never changed form.
 You used no wishes.
Achievements:
 You attained the rank of Empiric.
 You entered the Gnomish Mines.

 The Dungeons of Doom: levels 1 to 3
    Level 1:
       A fountain.
    Level 2:
       A fountain.
       Stairs down to The Gnomish Mines.
    Level 3:
 The Gnomish Mines:
    Level 3: <- You were here.
       Final resting place for
          you, killed by a manes.


Vanquished creatures:
  a shrieker
  2 hobbits
  a large kobold
  a cave spider
  a gnome
  2 gnome zombies
  a gecko
  2 jackals
  a fox
  3 kobolds
  a goblin
  a sewer rat
  7 grid bugs
  a lichen
  6 newts
31 creatures vanquished.

No species were genocided or became extinct.

Game over:
                       ----------
                      /          \
                     /    REST    \
                    /      IN      \
                   /     PEACE      \
                  /                  \
                  |    1212459919    |
                  |     1476 Au      |
                  |   killed by a    |
                  |      manes       |
                  |                  |
                  |                  |
                  |       2026       |
                 *|     *  *  *      | *
        _________)/\\_//(\/(/\)/\//\/|_)_______

Goodbye 1212459919 the Healer...

You died in The Gnomish Mines on dungeon level 3 with 421 points,
and 1476 pieces of gold, after 2150 moves.
You were level 3 with a maximum of 26 hit points when you died.

